Map: Tropical Sacrifice

Players

Rob - Winner!

  • Race: Protoss Protoss
  • Spawn Location: 1:00

BeNeFiT

  • Race: Protoss Protoss
  • Spawn Location: 7:00

Event: DreamHack SC2 Masters 2022 Atlanta (Offline)

VOD

Have the link to the VOD?

Description

Time

  • Played on: Nov. 18, 2022, 11:18 a.m.
  • Length: 9:31

All games in this series

Show
View Real Time Build Order
Export as new Build Order

Rob Protoss - Winner!

Build Orders: Oracle Opening 

Get SALT Encoding   

  12  0:00  Probe  
  13  0:12  Probe  
  14  0:18  Pylon  
  14  0:24  Probe (Chrono Boost)  
  15  0:36  Probe (Chrono Boost)  
  16  0:45  Gateway, Probe (Chrono Boost)  
  17  0:51  Probe  
  17  0:52  Assimilator  
  18  1:03  Probe (Chrono Boost)  
  19  1:07  Assimilator  
  19  1:14  Probe (Chrono Boost)  
  20  1:19  Probe (Chrono Boost)  
  21  1:29  Probe  
  22  1:35  Cybernetics Core  
  22  1:37  Pylon  
  22  1:39  Pylon  
  22  1:41  Probe  
  23  1:55  Zealot (Chrono Boost)  
  25  2:04  Cybernetics Core  
  25  2:11  Stargate  
  25  2:19  Stalker (Chrono Boost)  
  25  2:20  Warp Gate  
  29  2:54  Shield Battery  
  29  2:56  Oracle (Chrono Boost)  
  30  3:14  Probe  
  31  3:32  Nexus  
  31  3:37  Pylon  
  31  3:50  Twilight Council  
  31  3:55  Oracle, Probe  
  35  4:07  Probe (Chrono Boost)  
  35  4:08  Stalker  
  38  4:18  Pylon  
  38  4:19  Pylon  
  36  4:32  Blink (Chrono Boost)  
  36  4:36  Probe  
  37  4:42  Gateway  
  37  4:44  Probe  
  38  4:48  Probe  
  39  4:57  Probe  
  40  5:00  Probe  
  41  5:12  Probe, Stalker  
  41  5:13  Probe  
  45  5:16  Robotics Facility  
  42  5:24  Probe  
  42  5:25  Probe  
  41  5:36  Probe  
  41  5:38  Probe  
  43  5:43  Nexus  
  43  5:45  Stalker  
  43  5:47  Stalker  
  47  5:50  Probe x2  
  49  6:03  Observer  
  50  6:04  Probe x2  
  52  6:12  Stalker x2  
  52  6:16  Probe x2  
  58  6:28  Probe x2  
  58  6:29  Gateway  
  58  6:30  Gateway  
  60  6:34  Gateway  
  60  6:42  Probe x2  
  60  6:54  Probe x2  
  62  7:06  Probe  
  61  7:09  Probe x2  
  61  7:11  Stalker x2  
  67  7:16  Forge  
  67  7:17  Charge (Chrono Boost)  
  67  7:18  Probe  
  67  7:19  Pylon  
  67  7:21  Probe  
  69  7:23  Gateway  
  69  7:25  Gateway  
  69  7:27  Gateway  
  69  7:28  Stalker  
  69  7:29  Gateway  
  71  7:31  Stalker  
  71  7:34  Probe  
  72  7:51  Probe x2  
  72  7:52  Probe  
  72  7:57  Stalker x3  
  72  7:58  Stalker x2  
  79  8:08  Probe x3  
  82  8:19  Nexus  
  82  8:21  Assimilator  
  82  8:23  Probe x3  
  82  8:26  Assimilator  
  83  8:30  Pylon  
  81  8:38  Stalker x2  
  83  8:42  Pylon  
  83  8:45  Pylon  
  83  8:47  Pylon  
  81  8:50  Probe x2  
  81  8:51  Probe  
  84  8:56  Stalker x4  
  92  9:03  Stalker x4  
  92  9:04  Zealot  
  102  9:17  Gateway  
  102  9:19  Gateway  
  102  9:21  Zealot x4  
  102  9:22  Gateway  
  108  9:29  Zealot x4  
  108  9:30  Shield Battery  
Show
View Real Time Build Order
Export as new Build Order

BeNeFiT Protoss 

Build Orders: Oracle Opening 

Get SALT Encoding   

  12  0:00  Probe  
  13  0:12  Probe  
  14  0:20  Pylon  
  14  0:24  Probe  
  15  0:38  Probe (Chrono Boost)  
  15  0:40  Gateway  
  16  0:47  Probe (Chrono Boost)  
  16  0:48  Assimilator  
  17  0:53  Probe (Chrono Boost)  
  18  1:04  Probe  
  18  1:08  Assimilator  
  18  1:10  Pylon  
  19  1:17  Probe  
  20  1:27  Cybernetics Core  
  20  1:29  Probe (Chrono Boost)  
  21  1:34  Zealot  
  21  1:38  Probe (Chrono Boost)  
  24  1:43  Probe (Chrono Boost)  
  25  2:00  Probe  
  26  2:04  Stargate  
  26  2:10  Adept (Chrono Boost)  
  26  2:12  Probe  
  29  2:18  Warp Gate  
  29  2:21  Pylon  
  29  2:26  Probe  
  30  2:30  Pylon  
  30  2:41  Cybernetics Core  
  30  2:44  Probe  
  31  2:51  Oracle  
  34  2:58  Probe  
  33  3:13  Probe  
  34  3:25  Nexus  
  34  3:30  Shield Battery  
  34  3:37  Stalker (Chrono Boost)  
  36  3:48  Probe  
  37  3:50  Pylon  
  37  4:00  Probe  
  35  4:12  Probe  
  36  4:24  Probe  
  36  4:26  Twilight Council  
  35  4:36  Probe  
  35  4:37  Probe  
  35  4:39  Phoenix  
  35  4:40  Stalker  
  39  4:48  Probe  
  39  4:50  Probe  
  41  4:53  Gateway  
  40  5:00  Probe  
  40  5:02  Probe  
  40  5:06  Blink (Chrono Boost)  
  32  5:12  Probe (Chrono Boost)  
  33  5:19  Probe (Chrono Boost)  
  33  5:23  Probe (Chrono Boost)  
  33  5:28  Probe x2 (Chrono Boost)  
  36  5:38  Probe  
  36  5:39  Probe  
  38  5:50  Probe  
  38  5:51  Probe  
  40  6:02  Probe  
  41  6:08  Probe  
  42  6:11  Nexus  
  42  6:12  Pylon  
  42  6:13  Stalker  
  42  6:14  Probe  
  45  6:19  Stalker  
  45  6:22  Probe  
  45  6:27  Gateway  
  45  6:35  Shield Battery, Probe  
  45  6:36  Probe  
  47  6:41  Stalker  
  49  6:51  Probe, Stalker  
  49  6:53  Probe  
  45  7:05  Stalker  
  45  7:06  Probe  
  46  7:15  Stalker  
  45  7:16  Probe  
  45  7:18  Charge, Probe  
  47  7:22  Stalker  
  47  7:25  Probe  
  47  7:28  Stalker  
  51  7:32  Probe  
  51  7:36  Stalker  
  54  7:37  Probe  
  51  7:45  Probe  
  51  7:46  Stalker  
  50  7:51  Stalker  
  48  7:59  Stalker  
  48  8:01  Probe x3  
  51  8:07  Stalker  
  53  8:13  Probe  
  53  8:19  Stalker  
  57  8:25  Probe  
  57  8:26  Gateway  
  57  8:28  Stalker  
  57  8:32  Pylon  
  54  8:34  Pylon  
  52  8:42  Stalker x2  
  53  8:51  Shield Battery  
  53  8:53  Pylon  
  51  8:57  Probe x2  
  51  8:58  Probe  
  48  9:06  Stalker x2  
  48  9:09  Probe  
  51  9:18  Gateway  
  51  9:19  Gateway  
  51  9:22  Stalker  
  51  9:28  Stalker  
Tags
 
Add a new tag
Caveats
  • Supply blocks, unpowered buildings, or Contaminate may cause inaccurate times.
  • Supply counts are checked every 10 seconds.